AoeStats
← Christine

MegaRandom

510905533Analyzed
2v2 RM · 19h ago on Oct 3, 2026· 42m 4s· 4 players
Game mode
Random Map
Map size
Medium (4 player)
Population
200
Speed
Normal
Resources
Standard
Victory
Conquest
Starting age
Dark Age
Ending age
Imperial Age
RankedLock teamsTeams togetherTeam positionsShared explorationLock speedFull tech treeHidden civsTurbo modeCheats
Victory
Defeat
🇨🇳 Burgundians · China
1811
+10
🇨🇳 Jurchens · China
1764
+12
🇦🇷 Persians · Argentina
1702
-12
🇵🇪 Huns · Peru
1654
-10
VL Aveee
4:46 Loom
10:59 Feudal Age
15:06 Castle Age
13:49 Double-Bit Axe
13:45 Horse Collar
16:01 Scale Barding Armor
17:32 Chain Barding Armor
20:29 Bow Saw
24:27 Wheelbarrow
27:19 Town Watch
29:56 Hand Cart
34:18 Imperial Age
32:31 Scale Mail Armor
31:55 Pikeman
32:35 Squires
32:21 Arson
32:40 Gold Mining
32:41 Stone Mining
32:56 Stone Mining
33:56 Halberdier
35:24 Chain Mail Armor
38:31 Plate Mail Armor
40:41 Chemistry
39:55 Man-at-Arms
40:21 Gambesons
Christine
10:24 Feudal Age
11:31 Loom
20:15 Fletching
25:19 Castle Age
24:02 Padded Archer Armor
23:56 Gold Mining
24:02 Double-Bit Axe
25:41 Horse Collar
25:50 Crossbowman
27:03 Bodkin Arrow
29:46 Ballistics
30:14 Bow Saw
33:20 Heavy Plow
38:40 Imperial Age
36:21 Stone Mining
37:30 Wheelbarrow
37:44 Leather Archer Armor
38:29 Bloodlines
38:19 Husbandry
38:34 Thumb Ring
39:10 Scale Barding Armor
39:16 Forging
39:34 Marauders
41:09 Two-Man Saw
41:07 Gold Shaft Mining
42:17 Chain Barding Armor
42:33 Iron Casting
老愛國
7:04 Loom
9:25 Feudal Age
9:30 Man-at-Arms
13:08 Arson
15:57 Fletching
18:33 Double-Bit Axe
22:29 Castle Age
23:21 Horse Collar
23:55 Padded Archer Armor
24:07 Bow Saw
24:07 Heavy Plow
29:46 Wheelbarrow
30:35 Ballistics
31:16 Leather Archer Armor
32:45 Hand Cart
33:06 Herbal Medicine
33:39 Town Watch
34:55 Gold Mining
39:16 Imperial Age
37:18 Siege Engineers
38:35 Fortified Bastions
39:18 Gold Shaft Mining
38:57 Town Patrol
40:22 Thunderclap Bombs
41:13 Chemistry
40:44 Ring Archer Armor
40:56 Coinage
40:58 Conscription
42:18 Banking
Emperor_Napoleon
5:32 Double-Bit Axe
10:18 Feudal Age
14:37 Castle Age
12:40 Horse Collar
13:35 Bow Saw
16:23 Loom
21:38 Wheelbarrow
21:02 Light Cavalry
22:14 Stone Mining
24:21 Heavy Plow
24:16 Gold Mining
25:47 Husbandry
26:56 Scale Barding Armor
27:01 Forging
28:36 Two-Man Saw
30:52 Imperial Age
29:55 Iron Casting
29:41 Chain Barding Armor
31:40 Hand Cart
31:10 Town Watch
30:59 Elite Coustillier
33:07 Chemistry
33:16 Plate Barding Armor
34:16 Blast Furnace
34:14 Burgundian Vineyards
34:39 Conscription
35:46 Herbal Medicine
36:01 Fletching
37:10 Gold Shaft Mining
36:50 Treadmill Crane
37:20 Masonry
38:03 Hoardings
37:51 Bodkin Arrow
39:37 Coinage
40:00 Scale Mail Armor
39:38 Flemish Revolution
40:38 Squires
40:25 Arson
Connection lost

Rejoining the realm…

Still unreachable

The connection could not be restored.

Session expired

The server has moved on; the page needs a fresh start.